AoeStats
← Norbert PICIGETO Foster

Black Forest

509965185Analyzed
3v3 RM · 2d ago on Sep 28, 2026· 61m 56s· 6 players
Game mode
Random Map
Map size
Normal (6 player)
Population
200
Speed
Normal
Resources
Standard
Victory
Conquest
Starting age
Dark Age
Ending age
Imperial Age
RankedLock teamsTeams togetherTeam positionsShared explorationLock speedFull tech treeHidden civsTurbo modeCheats
Victory
Defeat
🇨🇴 Celts · Colombia
769
+10
🇹🇷 Franks · Türkiye
722
+11
🇧🇷 Britons · Brazil
698
+12
🇨🇴 Maya · Colombia
653
-12
🇨🇴 Poles · Colombia
625
-11
🇨🇴 Malay · Colombia
590
-10
jcc
4:53 Loom
10:16 Feudal Age
18:21 Castle Age
16:38 Padded Archer Armor
16:36 Man-at-Arms
20:11 Double-Bit Axe
27:19 Bow Saw
29:21 Wheelbarrow
29:47 Fervor
30:10 Gold Mining
30:39 Leather Archer Armor
32:27 Fortified Wall
35:25 Caravan
36:05 Hand Cart
39:57 Imperial Age
38:37 Ballistics
40:09 Capped Ram
40:12 Onager
43:22 Coinage
43:36 Elite Longbowman
45:24 Chemistry
45:03 Conscription
46:22 Cavalier
50:38 Banking
52:09 Yeomen
54:52 Ring Archer Armor
55:58 Fletching
56:49 Hoardings
58:11 Guilds
58:05 Bodkin Arrow
Kamehame
0:36 Loom
15:02 Feudal Age
21:54 Castle Age
24:26 Horse Collar
25:28 Wheelbarrow
29:03 Hand Cart
30:49 Double-Bit Axe
36:07 Imperial Age
35:08 Caravan
35:06 Town Watch
35:29 Heavy Plow
36:18 Ballistics
35:55 Fletching
40:18 Chemistry
41:12 Furor Celtica
41:23 Conscription
43:15 Siege Engineers
44:06 Murder Holes
44:12 Heavy Scorpion
45:58 Onager
Norbert PICIGETO Foster
12:36 Feudal Age
14:43 Double-Bit Axe
18:26 Castle Age
19:19 Double-Bit Axe
19:29 Gold Mining
19:35 Stone Mining
21:44 Gold Shaft Mining
21:23 Bow Saw
32:46 Wheelbarrow
33:50 Caravan
35:25 Scale Barding Armor
35:31 Forging
38:05 Imperial Age
35:57 Hand Cart
37:47 Husbandry
38:25 Iron Casting
38:11 Chain Barding Armor
38:00 Town Watch
38:55 Chivalry
39:16 Conscription
39:19 Treadmill Crane
40:00 Ballistics
39:50 Fortified Wall
41:53 Chemistry
40:49 Murder Holes
40:59 Siege Engineers
41:05 Masonry
40:42 Arrowslits
41:33 Cavalier
42:29 Town Patrol
43:36 Blast Furnace
43:11 Plate Barding Armor
42:29 Fletching
43:03 Paladin
48:59 Elite Throwing Axeman
50:15 Hoardings
51:30 Bodkin Arrow
51:38 Padded Archer Armor
56:07 Light Cavalry
J Stark 8910
2:03 Loom
16:25 Feudal Age
18:09 Wheelbarrow
17:24 Double-Bit Axe
17:30 Horse Collar
21:15 Fletching
21:25 Padded Archer Armor
22:23 Gold Mining
22:31 Stone Mining
26:20 Castle Age
27:58 Murder Holes
28:12 Heavy Plow
29:12 Stone Shaft Mining
29:22 Town Watch
29:20 Elite Skirmisher
30:00 Bodkin Arrow
31:07 Ballistics
31:58 Bow Saw
32:02 Fortified Wall
32:58 Hul'che Javelineers
33:47 Treadmill Crane
35:30 Thumb Ring
35:44 Leather Archer Armor
40:17 Imperial Age
42:19 Chemistry
44:25 Conscription
47:28 Hoardings
49:45 Bracer
53:33 Pikeman
54:14 Squires
54:00 Arson
54:19 Halberdier
SupremestStone
14:26 Feudal Age
15:47 Loom
21:55 Castle Age
20:15 Double-Bit Axe
27:03 Scale Barding Armor
30:52 Bloodlines
33:44 Pikeman
38:12 Imperial Age
38:13 Horse Collar
38:48 Bow Saw
39:39 Wheelbarrow
40:07 Capped Ram
41:54 Light Cavalry
42:35 Husbandry
42:48 Forging
42:59 Chain Barding Armor
44:32 Winged Hussar
45:38 Hand Cart
45:35 Heavy Plow
45:37 Caravan
46:44 Iron Casting
49:11 Chemistry
48:32 Ballistics
48:23 Fortified Wall
48:24 Masonry
48:20 Siege Engineers
53:10 Blast Furnace
56:49 Onager
58:21 Fletching
58:35 Cavalier
AlejoLodbrok
1:17 Loom
15:18 Feudal Age
15:02 Man-at-Arms
23:53 Forging
24:20 Padded Archer Armor
24:11 Fletching
25:51 Wheelbarrow
25:16 Double-Bit Axe
29:24 Castle Age
28:03 Stone Mining
28:05 Gold Mining
28:40 Long Swordsman
29:22 Squires
31:26 Hand Cart
37:53 Iron Casting
37:29 Squires
37:49 Bow Saw
39:04 Arson
40:06 Coinage
39:24 Horse Collar
45:22 Imperial Age
44:12 Heavy Scorpion
45:55 Elite Karambit Warrior
48:05 Blast Furnace
48:42 Chemistry
47:24 Treadmill Crane
49:44 Gold Shaft Mining
49:45 Stone Shaft Mining
50:17 Conscription
49:44 Pikeman
50:47 Murder Holes
57:51 Forced Levy
Connection lost

Rejoining the realm…

Still unreachable

The connection could not be restored.

Session expired

The server has moved on; the page needs a fresh start.